 Dungeon Crawl Stone Soup version 0.29.1-15-g9cfb28693d (webtiles) character file.

Game seed: 15852723869425578140

216 Sanktem7 the Chopper (level 5, -10/47 HPs)
             Began as a Minotaur Fighter on Mar 16, 2023.
             Killed from afar by Maggie (14 damage)
             ... with a bolt of fire
             ... on level 6 of the Dungeon.
             The game lasted 00:03:59 (3418 turns).

Sanktem7 the Chopper (Minotaur Fighter)             Turns: 3418, Time: 00:04:00

Health: -10/47     AC:  7    Str: 22    XL:     5   Next: 61%
Magic:  4/4        EV:  9    Int:  5    God:
Gold:   235        SH:  4    Dex: 10    Spells: 4/4 levels left

rFire   . . .      SeeInvis .   a - +0 war axe {axe}
rCold   . . .      Faith    .   c - +0 buckler
rNeg    . . .      Spirit   .   b - +0 scale mail
rPois   +          Reflect  .   (helmet restricted)
rElec   .          Harm     .   (no cloak)
rCorr   .          Rampage  .   (no gloves)
Will    .....                   (no boots)
Stlth   ..........              (no amulet)
HPRegen 0.15/turn               h - ring of poison resistance
MPRegen 0.09/turn               (no ring)

@: no status effects
A: horns 2, retaliatory headbutt
a: no special abilities


You were on level 6 of the Dungeon.
You visited 1 branch of the dungeon, and saw 5 of its levels.

You collected 235 gold pieces.


Innate Abilities, Weirdness & Mutations

You have a pair of horns on your head.
You reflexively headbutt those who attack you in melee.


   Skills:
 + Level 4.7 Fighting
 * Level 4.9 Axes
 + Level 4.6 Armour
 + Level 4.7 Shields


You had 4 spell levels left.
You didn't know any spells.
Your spell library was empty.

Inventory:

Hand Weapons
 a - a +0 war axe (weapon) {axe}
 x - a +0 mace of protection {mace}
   (You took it off an orc on level 4 of the Dungeon)
Missiles
 i - 50 stones (quivered) {throwing}
 m - 11 poisoned darts {throwing}
Armour
 b - a +0 scale mail (worn)
 c - a +0 buckler (worn)
Jewellery
 h - a ring of poison resistance (left hand)
   (You found it on level 1 of the Dungeon)
 r - an amulet of guardian spirit
   (You found it on level 3 of the Dungeon)
Wands
 t - a wand of paralysis (6)
   (You took it off Ijyb on level 3 of the Dungeon)
Scrolls
 j - a scroll of silence {unknown}
 l - a scroll of enchant weapon {unknown}
 n - a scroll of butterflies {unknown}
 p - a scroll of teleportation {unknown}
 q - a scroll of identify {unknown}
 u - a scroll of enchant armour {unknown}
 v - a scroll of torment {unknown}
 w - a scroll of fear {unknown}
Potions
 d - 3 potions of might
 e - a potion of curing {unknown}
 f - 4 potions of haste {unknown}
 g - a potion of flight {unknown}
 k - 2 potions of berserk rage {unknown}
 o - 2 potions of lignification {unknown}
 s - a potion of heal wounds {unknown}

Dungeon Overview and Level Annotations

Branches:
Dungeon (4/15) Zot: 26522
 Temple: D:4-7

Altars:
Hepliaklqana
Kikubaaqudgha
Xom

Shops:
D:1 [?

Annotations:
D:6 Maggie, Menkaure, Prince Ribbit

#.....# ##.....#
##......#
##.......#
#..~.~.###
#...~...#
##.####...~.~#
.............##
##.####@.......#
#.........#
#.#.####..#
##h#..# ..#
##..#.#.# .$#
#?.##.### #
#.###@.
#.........##
#≈≈≈......#


You could see Maggie and a black bear.


Message History

😎 HP[+3]
Your hp is fully restored (47).
Found a stone staircase leading up.
An iguana comes into view.
An iguana is nearby!
The iguana hisses menacingly.
The iguana bites you. 😕 HP[-6]
You take 6 damage, and now have 41/47 hp.
You slash the iguana!
The iguana bites you but does no damage. 😕 HP[+1]
You slash the iguana!
You kill the iguana!
No target in view!
No target in view!
No target in view!
No target in view!
No target in view!
No target in view!
No target in view!
No target in view!
You see here an iguana corpse.
Found an escape hatch in the floor. 😎 HP[+5]
Your hp is fully restored (47).
There is an escape hatch in the floor here.
A dart slug comes into view.
The dart slug launches a dart at you. The slug dart hits you. 😕 HP[-2]
You take 2 damage, and now have 45/47 hp.
A dart slug is nearby! 😕 HP[+1]
The dart slug launches a dart at you. The slug dart misses you.
You slash the dart slug!
You kill the dart slug!
No target in view!
No target in view!
No target in view!
No target in view!
No target in view!
No target in view!
No target in view!
No target in view!
No target in view!
No target in view!
No target in view!
A sourceless malevolence fills the Dungeon...
You fall into a shaft and drop 2 floors!
The shaft crumbles and collapses. 😎 HP[+1]
Your hp is fully restored (47).
i - 44 stones {throwing} (gained 7)
i - 50 stones {throwing} (gained 6)
A scorpion comes into view.
The scorpion moves out of view.
You see here a scroll labelled ACHIONEQAI.
Menkaure and a black bear come into view.
Menkaure shouts!
The black bear growls angrily.
The scorpion stings you but does no damage.
Menkaure calls on the powers of darkness!
The scorpion convulses!
Your body is wracked with pain!
The black bear convulses! 😮 HP[-22]
You take 22 damage, and now have 25/47 hp.
MASSIVE DAMAGE!! (PAUSE)
You hit the scorpion. The scorpion stings you.
* * * LOW HITPOINT WARNING * * *
Menkaure points at you and mumbles some strange words.
Pain shoots through your body!
* * * LOW HITPOINT WARNING * * *
You block the scorpion's attack. 😱 HP[-14]
You take 14 damage, and now have 11/47 hp.
MASSIVE DAMAGE!! (PAUSE)
You hit the scorpion but do no damage. The scorpion stings you.
* * * LOW HITPOINT WARNING * * *
😱 HP[-2]
You take 2 damage, and now have 9/47 hp.
You slash the scorpion!
You kill the scorpion!
You hit Menkaure.
Prince Ribbit comes into view.
Menkaure points at you and mumbles some strange words.
Pain shoots through your body!
* * * LOW HITPOINT WARNING * * *
😱 HP[-6]
You take 6 damage, and now have 3/47 hp.
A sky beast comes into view.
Maggie the Vainglorious comes into view.
She is wielding a +0 broad axe.
The sky beast flickers out of sight!
Deactivating autopickup; reactivate with Ctrl-A.
Menkaure blazes with dark energy!
Maggie shouts!
Maggie gestures at you while chanting. The bolt of fire hits you!
You die...

Skill      XL: |  1  2  3  4 |
---------------+-------------+-----
Axes           | 3 4 |  4.9
Fighting       | 4 |  4.7
Armour         | 4 |  4.6
Shields        | 4 |  4.7

Action                   |  1- 3 |  4- 6 || total
-------------------------+-------+-------++-------
Melee: War axe           |    76 |    49 ||   125
       Headbutt          |     5 |     6 ||    11
Armor: Scale mail        |    45 |    13 ||    58
Dodge: Dodged            |    32 |    21 ||    53
Block: Buckler           |    21 |    14 ||    35

Levels and vault maps discovered:
D:1:      dpeg_arrival_pits, layout_loops_corners,
          hellmonk_ecumenical_altar_dog_temple, serial_shops, shop, shop,
          chequers_serial_rivers_large_a, skrybe_limestone_x
D:2:      cheibrodos_pilgrimage, layout_basic, kennysheep_generic_room_15
D:3:      layout_basic, general_overflow_altar, uniq_ijyb
D:4:      layout_loops_corners, nicolae_qazlal_scattered_showers,
          nicolae_elyvilon_peaceful_grove, amethyst_overflow_temple_binary,
          uniq_grinder, uniq_natasha
D:6:      layout_rooms, serial_rivers, chequers_serial_rivers_room_a,
          chequers_serial_rivers_micro_c, chequers_serial_rivers_micro_a,
          chequers_serial_rivers_micro_d, chequers_serial_rivers_micro_b,
          minmay_misc_feat_tiny, uniq_sigmund, uniq_maggie, uniq_eustachio,
          uniq_menkaure, uniq_prince_ribbit1

Notes
Turn   | Place    | Note
-------+----------+-------------------------------------------
     0 | D:1      | Sanktem7 the Minotaur Fighter began the quest for the Orb.
     0 | D:1      | Reached XP level 1. HP: 19/19 MP: 0/0
     0 | D:1      | magus.rc [v1.9.6]
    75 | D:1      | Found Som Arus's Armour Boutique.
   208 | D:1      | Reached XP level 2. HP: 25/27 MP: 1/1
   290 | D:1      | Found a faded altar of an unknown god.
   293 | D:1      | Reached skill level 3 in Axes
   798 | D:1      | Reached skill level 4 in Fighting
   826 | D:1      | Reached XP level 3. HP: 33/33 MP: 2/2
   827 | D:1      | Found Pixzavu's Magic Scroll Shoppe.
  1136 | D:2      | Reached skill level 4 in Armour
  1237 | D:2      | Reached skill level 4 in Shields
  1504 | D:2      | Reached XP level 4. HP: 17/40 MP: 3/3
  1508 | D:2      | HP: 3/40 [orc priest/nerve-wracking pain (9)]
  1510 | D:2      | Reached skill level 4 in Axes
  2295 | D:3      | Noticed Ijyb
  2299 | D:3      | Paralysed by Ijyb for 2 turns
  2310 | D:3      | Killed Ijyb
  2311 | D:3      | Reached XP level 5. HP: 47/47 MP: 4/4
  2351 | D:3      | Found a shimmering altar of Xom.
  3010 | D:4      | Found an ancient bone altar of Kikubaaqudgha.
  3011 | D:4      | Found a hazy altar of Hepliaklqana.
  3381 | D:4      | You fall into a shaft and drop 2 floors!
  3409 | D:6      | Noticed Menkaure
  3409 | D:6      | Noticed a black bear
  3410 | D:6      | HP: 11/47 [Menkaure/nerve-wracking pain (11)]
  3412 | D:6      | Noticed Prince Ribbit
  3412 | D:6      | HP: 3/47 [Menkaure/nerve-wracking pain (7)]
  3414 | D:6      | Noticed a sky beast
  3417 | D:6      | Noticed Maggie
  3418 | D:6      | Killed from afar by Maggie

Vanquished Creatures
  A scorpion (D:6)
  An orc priest (D:2)
  An iguana (D:4)
  Ijyb (D:3)
  An orc wizard (D:2)
  An adder (D:2)
  An ufetubus (D:4)
  2 dart slugs
  6 orcs
  3 ball pythons
  4 bats (D:1)
  3 endoplasms
  2 giant cockroaches
  5 goblins
  6 hobgoblins
  5 jackals (D:1)
  3 kobolds
  A quokka (D:4)
  3 frilled lizards
  4 rats
54 creatures vanquished.

Table legend:
 A = Non-vault XP
 B = Vault XP
 C = Vault XP percentage of total XP
 D = Non-vault monster count
 E = Vault monster count
 F = Vault count percentage of total count
                 A         B        C        D         E       F
            +---------+---------+-------+---------+---------+-------
      Total |     169 |     140 |  45.3 |      44 |      10 |  18.5
            +---------+---------+-------+---------+---------+-------
        D:1 |      35 |       6 |  14.6 |      21 |       3 |  12.5
        D:2 |      12 |      99 |  89.2 |       7 |       6 |  46.2
        D:3 |      16 |      35 |  68.6 |       8 |       1 |  11.1
        D:4 |      60 |       0 |   0.0 |       7 |       0 |   0.0
        D:6 |      46 |       0 |   0.0 |       1 |       0 |   0.0
            +---------+---------+-------+---------+---------+-------

Illustrated notes

Table legend:
 A = Kills in this place as a percentage of kills in entire the game.
 B = Kills by you in this place as a percentage of kills by you in the entire game.
 C = Kills by friends in this place as a percentage of kills by friends in the entire game.
 D = Other kills in this place as a percentage of other kills in the entire game.
 E = Experience gained in this place as a percentage of experience gained in the entire game.
 F = Experience gained in this place divided by the number of levels of this place that you have seen.
                   A       B       C       D       E      F
               +-------+-------+-------+-------+-------+----------------------
         Total | 100.0 | 100.0 |   N/A |   N/A | 100.0 |  61.8
       Dungeon | 100.0 | 100.0 |   N/A |   N/A | 100.0 |  61.8
               +-------+-------+-------+-------+-------+----------------------

Table legend: (Time is in decaauts)
 A = Elapsed time spent in this place.
 B = Non-inter-level travel time spent in this place.
 C = Inter-level travel time spent in this place.
 D = Time resting spent in this place.
 E = Time spent auto-exploring this place.
 F = Levels seen in this place.
 G = Mean time per level.
                   A        B        C        D        E       F      G
               +--------+--------+--------+--------+--------+-----+--------+
         Total |   3476 |   3282 |    194 |    284 |   2634 |   5 |  695.2 |
       Dungeon |   3476 |   3282 |    194 |    284 |   2634 |   5 |  695.2 |
               +--------+--------+--------+--------+--------+-----+--------+

Top non-repeatable levels by time:
     D:1: 1055 daAuts
     D:3: 1008 daAuts
     D:2: 959 daAuts
     D:4: 416 daAuts
     D:6: 37 daAuts
